[Event "93rd ARG-ch 2018"]
[Site "Laprida"]
[Date "2018.07.17"]
[Round "1"]
[White "Acosta, Pablo Ismael"]
[Black "Perez Ponsa, Federico"]
[Result "1/2-1/2"]
[ECO "A00"]
[WhiteElo "2432"]
[BlackElo "2547"]
[Annotator "ChessBase"]
[PlyCount "54"]
[EventDate "2018.07.17"]
[EventType "tourn"]
[EventCountry "ARG"]
[SourceTitle "playchess.com"]
[Source "ChessBase"]
[SourceQuality "1"]
[TimeControl "40/5400+30:1800+30"]

1. d4 Nf6 2. Nf3 g6 3. e3 Bg7 4. Be2 O-O 5. O-O d6 6. b3 c5 7. Bb2 cxd4 8. Nxd4 d5 9. c4 dxc4 10. Bxc4 Bd7 11. Nd2 Nc6 12. Nxc6 Bxc6 13. b4 b5 14. Be2 Qd6 15. Nb3 Qxb4 16. Rc1 Rfd8 17. Qe1 Qxe1 18. Rfxe1 Be8 19. Bf3 Rac8 20. Bd4 a6 21. Bb6 Rxc1 22. Rxc1 Rd6 23. Bc5 Rd7 24. Bd4 Rd8 25. Bb6 Rd6 26. Bc5 Rd7 27. Bd4 Rd8 1/2-1/2

[Event "93rd ARG-ch 2018"]
[Site "Laprida"]
[Date "2018.07.17"]
[Round "1"]
[White "Benedetti, Julio"]
[Black "Lujan, Carolina"]
[Result "1-0"]
[ECO "B32"]
[WhiteElo "2364"]
[BlackElo "2329"]
[Annotator "NA"]
[PlyCount "83"]
[EventDate "2018.07.17"]
[EventType "tourn"]
[EventCountry "ARG"]
[SourceTitle "playchess.com"]
[Source "ChessBase"]
[SourceQuality "1"]
[TimeControl "40/5400+30:1800+30"]

1. e4 c5 2. Nf3 Nc6 3. d4 cxd4 4. Nxd4 e5 5. Nb5 d6 6. N1c3 a6 7. Na3 Be6 8. Nc4 Rb8 9. Ne3 Nf6 10. g3 h5 11. Bg2 h4 12. O-O g6 13. Ncd5 Bg7 14. c3 Ne7 15. Qa4+ Bd7 16. Nxf6+ Bxf6 17. Qa3 Be6 18. Rd1 hxg3 19. hxg3 Nc8 20. c4 Qc7 21. Bd2 O-O 22. Rac1 Bd8 23. c5 dxc5 24. Rxc5 Qe7 25. Bb4 a5 26. Rxa5 Qf6 27. Rxe5 Qxe5 28. Bxf8 Bf6 29. Rd2 Qh5 30. Bc5 b6 31. Bb4 Qg5 32. Nd5 Bg7 33. f4 Qh5 34. e5 b5 35. Ne3 Kh7 36. Kf2 Bh6 37. Rd1 Bc4 38. Re1 g5 39. Be4+ Kh8 40. Nxc4 gxf4 41. Rh1 Qg5 42. Bd2 1-0

[Event "93rd ARG-ch 2018"]
[Site "Laprida"]
[Date "2018.07.17"]
[Round "1"]
[White "Gomez, Carlos David"]
[Black "Real de Azua, Ernesto"]
[Result "0-1"]
[ECO "B01"]
[WhiteElo "2356"]
[BlackElo "2496"]
[Annotator "ChessBase"]
[PlyCount "72"]
[EventDate "2018.07.17"]
[EventType "tourn"]
[EventCountry "ARG"]
[SourceTitle "playchess.com"]
[Source "ChessBase"]
[SourceQuality "1"]
[TimeControl "40/5400+30:1800+30"]

1. e4 c6 2. d4 d5 3. Nd2 dxe4 4. Nxe4 Bf5 5. Ng3 Bg6 6. Nh3 e6 7. Bc4 Bd6 8. O-O Nd7 9. c3 Qc7 10. Qf3 Ngf6 11. Nf4 O-O-O 12. a4 Nb6 13. Bb3 Nbd5 14. Nxg6 hxg6 15. h3 Nf4 16. Bxf4 Bxf4 17. Ne4 g5 18. Rfe1 Rh6 19. Bc4 Rdh8 20. Bf1 g4 21. Qd1 gxh3 22. g3 Rg6 23. Qf3 Nxe4 24. Rxe4 Bxg3 25. Kh1 Bd6 26. b4 f5 27. Ree1 Qe7 28. Ba6 bxa6 29. Qxc6+ Kb8 30. d5 h2 31. f4 Qc7 32. Qxc7+ Kxc7 33. dxe6 Re8 34. e7 Rxe7 35. Rxe7+ Bxe7 36. b5 Rg1+ 0-1

[Event "93rd ARG-ch 2018"]
[Site "Laprida"]
[Date "2018.07.20"]
[Round "4"]
[White "Benedetti, Julio"]
[Black "Gomez, Carlos David"]
[Result "1/2-1/2"]
[ECO "A00"]
[WhiteElo "2364"]
[BlackElo "2356"]
[Annotator "NA"]
[PlyCount "193"]
[EventDate "2018.07.17"]
[EventType "tourn"]
[EventCountry "ARG"]
[SourceTitle "playchess.com"]
[Source "ChessBase"]
[SourceQuality "1"]
[TimeControl "40/5400+30:1800+30"]

1. e4 c5 2. Nf3 Nc6 3. d4 cxd4 4. Nxd4 e5 5. Nb5 d6 6. N1c3 a6 7. Na3 b5 8. Nd5 Nf6 9. Be3 Rb8 10. f3 Nxd5 11. Qxd5 Qc7 12. Qd2 Be7 13. Bd3 O-O 14. O-O Be6 15. b3 Rfd8 16. Nb1 d5 17. exd5 Bxd5 18. a3 e4 19. fxe4 Bxe4 20. Qf2 Bxd3 21. cxd3 Bf6 22. Ra2 Rxd3 23. Kh1 Re8 24. Bf4 Qd7 25. Rd2 Rxd2 26. Nxd2 Nd4 27. Be3 Nc2 28. Bf4 Nd4 29. Be3 Qd5 30. Rb1 Nc2 31. Bc5 Qd3 32. Nf3 Nd4 33. Re1 Rxe1+ 34. Qxe1 Ne6 35. h3 Qxb3 36. Qe4 h6 37. Bb4 Qd1+ 38. Kh2 Qd8 39. Qe1 Ng5 40. Ng1 Qc7+ 41. Kh1 Qe5 42. Qc1 Qa1 43. Ne2 Ne4 44. Qxa1 Bxa1 45. g3 Be5 46. Kg2 Nd6 47. Kf3 Nc4 48. Ke4 Bb2 49. Kd5 Nxa3 50. Kc5 Nc4 51. Be1 Ba3+ 52. Kc6 b4 53. Kc5 Ne5 54. Kd5 Nd3 55. Bd2 b3 56. Kc4 b2 57. Nc3 Nc1 58. Nb1 Bd6 59. Bc3 Ne2 60. Bxb2 Bxg3 61. Nd2 Ng1 62. Ne4 Bh4 63. Nc5 a5 64. Bc3 Nxh3 65. Bxa5 Be7 66. Nd3 g5 67. Kd4 Bd6 68. Ke4 Kg7 69. Kf5 Nf4 70. Bc3+ Kg8 71. Nf2 Nd5 72. Bb2 Ne3+ 73. Ke4 Nc4 74. Bc3 Bf8 75. Ng4 Bg7 76. Bb4 h5 77. Nf2 f6 78. Kf5 Ne3+ 79. Kg6 Nd5 80. Bd2 h4 81. Bxg5 fxg5 82. Kxg5 Bf6+ 83. Kg4 Kf7 84. Ne4 Ne3+ 85. Kf4 Nd5+ 86. Kg4 Be7 87. Nd2 Kg6 88. Nf3 Ne3+ 89. Kf4 Ng2+ 90. Kg4 Ne3+ 91. Kf4 Ng2+ 92. Kg4 Bf6 93. Kh3 Nf4+ 94. Kg4 Ng2 95. Kh3 Ne3 96. Nxh4+ Kg5 97. Kg3 1/2-1/2

[Event "93rd ARG-ch 2018"]
[Site "Laprida"]
[Date "2018.07.26"]
[Round "9"]
[White "Peralta, Fernando"]
[Black "Paveto, Kevin"]
[Result "1-0"]
[ECO "A00"]
[WhiteElo "2563"]
[BlackElo "2416"]
[Annotator "ChessBase"]
[PlyCount "77"]
[EventDate "2018.07.17"]
[EventType "tourn"]
[EventCountry "ARG"]
[SourceTitle "playchess.com"]
[Source "ChessBase"]
[SourceQuality "1"]
[TimeControl "40/5400+30:1800+30"]

1. d4 Nf6 2. c4 g6 3. Nc3 d5 4. cxd5 Nxd5 5. e4 Nxc3 6. bxc3 Bg7 7. Bc4 c5 8. Ne2 O-O 9. O-O Nc6 10. Be3 Bg4 11. f3 Bd7 12. Rb1 Qc7 13. d5 Na5 14. Bd3 e6 15. c4 b5 16. cxb5 exd5 17. exd5 Rfe8 18. Bf2 c4 19. d6 Qxd6 20. Be4 Qxd1 21. Rbxd1 Bxb5 22. Bxa8 c3 23. Rfe1 Bxe2 24. Rc1 Bh6 25. Rxc3 Bd2 26. Rxe2 Rxe2 27. Rc2 Re8 28. Be4 Rd8 29. g4 a6 30. Kf1 Rd7 31. Bb6 Rd6 32. Bc7 Rd7 33. Be5 Bb4 34. Rc8+ Bf8 35. Bc3 Nb7 36. Bc6 Rd1+ 37. Ke2 Rb1 38. Rb8 Rc1 39. Bd2 1-0

[Event "93rd ARG-ch 2018"]
[Site "Laprida"]
[Date "2018.07.27"]
[Round "10"]
[White "Peralta, Fernando"]
[Black "Villanueva, Mario"]
[Result "1-0"]
[ECO "A00"]
[WhiteElo "2563"]
[BlackElo "2481"]
[Annotator "ChessBase"]
[PlyCount "69"]
[EventDate "2018.07.17"]
[EventType "tourn"]
[EventCountry "ARG"]
[SourceTitle "playchess.com"]
[Source "ChessBase"]
[SourceQuality "1"]
[TimeControl "40/5400+30:1800+30"]

1. d4 d5 2. c4 e6 3. Nc3 Bb4 4. e3 c5 5. Nf3 Nf6 6. Bd3 dxc4 7. Bxc4 Qc7 8. Qe2 O-O 9. O-O Bd7 10. Rd1 Bxc3 11. bxc3 Ba4 12. Bb3 Bxb3 13. axb3 cxd4 14. Nxd4 Nc6 15. Nxc6 Qxc6 16. c4 a6 17. Bb2 Rfd8 18. Bxf6 gxf6 19. Qg4+ Kh8 20. Qh4 e5 21. Rd5 Rxd5 22. cxd5 Qxd5 23. Qxf6+ Kg8 24. h3 Re8 25. Ra4 e4 26. Rb4 Re6 27. Qf4 h6 28. Qb8+ Kg7 29. Rxb7 Rf6 30. Re7 Qd1+ 31. Kh2 Rxf2 32. Qg3+ Kf8 33. Rb7 Rf1 34. Rb8+ Ke7 35. Qe5+ 1-0

[Event "93rd ARG-ch 2018"]
[Site "Laprida"]
[Date "2018.07.27"]
[Round "10"]
[White "Benedetti, Julio"]
[Black "Pichot, Alan"]
[Result "0-1"]
[ECO "A00"]
[WhiteElo "2364"]
[BlackElo "2564"]
[Annotator "ChessBase"]
[PlyCount "80"]
[EventDate "2018.07.17"]
[EventType "tourn"]
[EventCountry "ARG"]
[SourceTitle "playchess.com"]
[Source "ChessBase"]
[SourceQuality "1"]
[TimeControl "40/5400+30:1800+30"]

1. e4 c5 2. Nf3 e6 3. d4 cxd4 4. Nxd4 a6 5. Bd3 g6 6. Nc3 Bg7 7. Be3 Nc6 8. Nxc6 bxc6 9. O-O Rb8 10. Na4 Ne7 11. Ba7 Rb7 12. Bc5 d6 13. Bxa6 dxc5 14. Bxb7 Bxb7 15. Qxd8+ Kxd8 16. Nxc5 Kc7 17. Rfd1 Bc8 18. c3 Ng8 19. Rd3 Bf8 20. Nb3 e5 21. Nd2 Nf6 22. b4 Ba6 23. Rf3 Be7 24. a4 Rd8 25. Nb3 Bd3 26. Nc5 Bc4 27. h3 Bxc5 28. Rxf6 Be7 29. Rf3 Kb6 30. g3 Rd2 31. h4 h6 32. Re3 g5 33. hxg5 Bxg5 34. Rf3 f6 35. Re1 Be2 36. Rf5 Bg4 37. f4 exf4 38. a5+ Ka6 39. b5+ cxb5 40. Rd5 fxg3 0-1

[Event "93rd ARG-ch 2018"]
[Site "Laprida"]
[Date "2018.07.27"]
[Round "10"]
[White "Gomez, Carlos David"]
[Black "Perez Ponsa, Federico"]
[Result "0-1"]
[ECO "B22"]
[WhiteElo "2356"]
[BlackElo "2547"]
[Annotator "ChessBase"]
[PlyCount "124"]
[EventDate "2018.07.17"]
[EventType "tourn"]
[EventCountry "ARG"]
[SourceTitle "playchess.com"]
[Source "ChessBase"]
[SourceQuality "1"]
[TimeControl "40/5400+30:1800+30"]

1. e4 c5 2. c3 Nf6 3. e5 Nd5 4. d4 cxd4 5. Nf3 d6 6. Bc4 e6 7. cxd4 Be7 8. O-O O-O 9. Qe2 b6 10. Nbd2 Bb7 11. Ne4 dxe5 12. dxe5 Nd7 13. b3 Nc5 14. Nxc5 bxc5 15. Qe4 Qd7 16. Bg5 Nb6 17. Qd3 Qc7 18. Bxe7 Qxe7 19. Ba6 Rad8 20. Qe2 Bxf3 21. Qxf3 Rd5 22. Qe3 Rfd8 23. Rac1 g6 24. a4 Rd4 25. Qc3 R8d5 26. f4 Rd2 27. Rc2 Rxc2 28. Qxc2 Rd4 29. g3 Nd5 30. Qf2 Qd8 31. Rc1 Nb4 32. Bf1 Qb6 33. Bc4 Nc6 34. Qc2 Nb4 35. Qe2 Qd8 36. Qf2 Kg7 37. Bf1 Rd2 38. Qxc5 Nd3 39. Bxd3 Qxd3 40. Rf1 h5 41. Rf2 Rd1+ 42. Kg2 Qe4+ 43. Kh3 Qf5+ 44. Kg2 h4 45. Re2 Qb1 46. Qxa7 hxg3 47. hxg3 Qxb3 48. Qe3 Rd3 49. Qf2 Qxa4 50. Kh2 Rd8 51. Qe3 Qd1 52. Kg2 Rd3 53. Qe4 Qb3 54. g4 Rg3+ 55. Kf2 Rxg4 56. Qf3 Qb6+ 57. Re3 Qb2+ 58. Kf1 Qc1+ 59. Kf2 Qg1+ 60. Ke2 Rg2+ 61. Kd3 Qb1+ 62. Kd4 Qb4+ 0-1

[Event "93rd ARG-ch 2018"]
[Site "Laprida"]
[Date "2018.07.28"]
[Round "11"]
[White "Pichot, Alan"]
[Black "Gomez, Carlos David"]
[Result "1-0"]
[ECO "A00"]
[WhiteElo "2564"]
[BlackElo "2356"]
[Annotator "ChessBase"]
[PlyCount "71"]
[EventDate "2018.07.17"]
[EventType "tourn"]
[EventCountry "ARG"]
[SourceTitle "playchess.com"]
[Source "ChessBase"]
[SourceQuality "1"]
[TimeControl "40/5400+30:1800+30"]

1. e4 c5 2. Nf3 Nc6 3. d4 cxd4 4. Nxd4 e5 5. Nb5 d6 6. N1c3 a6 7. Na3 b5 8. Nd5 Be7 9. c4 b4 10. Nc2 Nf6 11. Nxf6+ Bxf6 12. Nxb4 Nxb4 13. Qa4+ Qd7 14. Qxb4 Bb7 15. Bd3 Be7 16. Qc3 f5 17. exf5 Bf6 18. O-O e4 19. Qe1 Qxf5 20. Qb4 Qd7 21. Re1 Be7 22. Bxe4 Bxe4 23. Rxe4 O-O 24. Be3 Bf6 25. Rd1 Rab8 26. Qxd6 Qxd6 27. Rxd6 Rxb2 28. g3 Rxa2 29. c5 a5 30. Ra6 Bc3 31. Kf1 Bd2 32. Bd4 Ra4 33. Ra7 Bh6 34. Rd7 Ra2 35. Ree7 Kh8 36. c6 1-0

[Event "93rd ARG-ch 2018"]
[Site "Laprida"]
[Date "2018.07.28"]
[Round "11"]
[White "Perez Ponsa, Federico"]
[Black "Pierrot, Facundo"]
[Result "1/2-1/2"]
[ECO "A00"]
[WhiteElo "2547"]
[BlackElo "2389"]
[Annotator "ChessBase"]
[PlyCount "51"]
[EventDate "2018.07.17"]
[EventType "tourn"]
[EventCountry "ARG"]
[SourceTitle "playchess.com"]
[Source "ChessBase"]
[SourceQuality "1"]
[TimeControl "40/5400+30:1800+30"]

1. e4 e5 2. Bc4 Nf6 3. d3 c6 4. Nf3 d5 5. Bb3 Bd6 6. exd5 cxd5 7. Nc3 d4 8. Ne2 Nbd7 9. O-O h6 10. Ng3 O-O 11. Re1 Re8 12. c3 dxc3 13. bxc3 Nc5 14. Bc2 Bd7 15. d4 exd4 16. cxd4 Rxe1+ 17. Qxe1 Ne6 18. Bb3 Nf8 19. Ne5 Be6 20. Rb1 Qc7 21. Bb2 Re8 22. Qd1 Bxb3 23. Qxb3 Ne6 24. Qa4 Rd8 25. Re1 Qb6 26. Qb3 1/2-1/2

[Event "93rd ARG-ch 2018"]
[Site "Laprida"]
[Date "2018.07.28"]
[Round "11"]
[White "Villanueva, Mario"]
[Black "Paveto, Kevin"]
[Result "0-1"]
[ECO "C78"]
[WhiteElo "2481"]
[BlackElo "2416"]
[Annotator "ChessBase"]
[PlyCount "60"]
[EventDate "2018.07.17"]
[EventType "tourn"]
[EventCountry "ARG"]
[SourceTitle "playchess.com"]
[Source "ChessBase"]
[SourceQuality "1"]
[TimeControl "40/5400+30:1800+30"]

1. e4 e5 2. Nf3 Nc6 3. Bb5 a6 4. Ba4 Nf6 5. O-O b5 6. Bb3 Bb7 7. Re1 Bc5 8. c3 d6 9. d4 Bb6 10. Be3 O-O 11. d5 Na5 12. Bxb6 cxb6 13. Bc2 Bc8 14. Nbd2 Nc4 15. b3 Nxd2 16. Nxd2 Bg4 17. Qc1 Rc8 18. Bd3 Nh5 19. g3 f5 20. exf5 Nf6 21. c4 Nxd5 22. Qa3 b4 23. Qxa6 Ne7 24. Qb5 Rc5 25. Qxb4 Nc6 26. Qc3 Nd4 27. Re3 Qf6 28. Rf1 d5 29. Qa1 e4 30. Bb1 Ne2+ 0-1

[Event "93rd ARG-ch 2018"]
[Site "Laprida"]
[Date "2018.07.28"]
[Round "11"]
[White "Acosta, Pablo Ismael"]
[Black "Peralta, Fernando"]
[Result "1/2-1/2"]
[ECO "A00"]
[WhiteElo "2432"]
[BlackElo "2563"]
[Annotator "ChessBase"]
[PlyCount "82"]
[EventDate "2018.07.17"]
[EventType "tourn"]
[EventCountry "ARG"]
[SourceTitle "playchess.com"]
[Source "ChessBase"]
[SourceQuality "1"]
[TimeControl "40/5400+30:1800+30"]

1. d4 d5 2. c4 e6 3. Nf3 Nf6 4. g3 Bb4+ 5. Bd2 Be7 6. Bg2 O-O 7. O-O c6 8. Qc2 Nbd7 9. Bf4 b6 10. Rd1 Bb7 11. Nc3 Nh5 12. Bc1 f5 13. e3 Bd6 14. b3 Qe7 15. Bb2 Rac8 16. Rac1 Nhf6 17. Na4 dxc4 18. bxc4 c5 19. Qb3 Ne4 20. Ne1 h5 21. Nc3 Ndf6 22. Nb5 Bb8 23. Nd3 h4 24. Nf4 Qf7 25. d5 exd5 26. cxd5 Bxf4 27. Bxf6 hxg3 28. hxg3 Bxg3 29. fxg3 gxf6 30. Bxe4 fxe4 31. Nd6 Qc7 32. Nf5 Qe5 33. d6+ Kh8 34. Rf1 Bd5 35. Qd1 Rf7 36. Rf4 Rh7 37. Ne7 Qg5 38. Kg2 Be6 39. Nxc8 Bh3+ 40. Kf2 Bxc8 41. Kg2 Bh3+ 1/2-1/2

[Event "93rd ARG-ch 2018"]
[Site "Laprida"]
[Date "2018.07.28"]
[Round "11"]
[White "Lorenzini, Martin"]
[Black "Sosa, Tomas"]
[Result "0-1"]
[ECO "A00"]
[WhiteElo "2423"]
[BlackElo "2467"]
[Annotator "ChessBase"]
[PlyCount "80"]
[EventDate "2018.07.17"]
[EventType "tourn"]
[EventCountry "ARG"]
[SourceTitle "playchess.com"]
[Source "ChessBase"]
[SourceQuality "1"]
[TimeControl "40/5400+30:1800+30"]

1. e4 c5 2. Nf3 e6 3. c3 Nf6 4. e5 Nd5 5. g3 d6 6. exd6 Bxd6 7. Bg2 O-O 8. d4 a6 9. O-O b5 10. a4 Bb7 11. axb5 axb5 12. Rxa8 Bxa8 13. dxc5 Bxc5 14. b4 Bb6 15. Qe2 Qe8 16. Bd2 Nc7 17. Bf4 Qc6 18. Bxc7 Qxc7 19. Qxb5 Nd7 20. Qd3 Nf6 21. c4 Rd8 22. Qb3 Rb8 23. Nc3 Ng4 24. Nb5 Bxf2+ 25. Rxf2 Qb6 26. Qb2 Rd8 27. Nfd4 Bxg2 28. Rxg2 e5 29. c5 Qxb5 30. h3 Rxd4 31. hxg4 Rd1+ 32. Kh2 Qf1 33. Kh3 Qf6 34. g5 Rh1+ 35. Rh2 Qf5+ 36. Kh4 h5 37. gxh6 g5+ 38. Kh5 Qg6+ 39. Kg4 f5+ 40. Kf3 Qc6+ 0-1